 Dungeon Crawl Stone Soup version 0.32-a0-485-g70f7560b1c (webtiles) character file.

Game seed: 16613247092628085742

169 Asceticacid the Insei (level 5, 27/27 HPs)
             Began as a Vine Stalker Monk on Feb 26, 2024.
             Was an Initiate of Ashenzari.
             Quit the game on level 3 of the Dungeon.
             The game lasted 00:02:27 (1564 turns).

Asceticacid the Insei (Vine Stalker Monk)           Turns: 1564, Time: 00:02:27

Health: 27/27      AC:  9    Str: 16    XL:     5   Next: 50%
Magic:  6/6        EV: 11    Int: 10    God:    Ashenzari [......]
Gold:   100        SH:  0    Dex: 16    Spells: 4/4 levels left

rFire   + .          .
                       - Unarmed
rCold   . . .        (no shield)
rNeg    . . .        r - +2 ring mail {rF+}
rPois   .            (no helmet)
rElec   .            (no cloak)
rCorr   .            h - +0 pair of gloves
SInv    .            s - +0 pair of boots
Will    .....        (no amulet)
Stlth   +            (no ring)
HPRegen 1.04/turn    (no ring)
MPRegen 0.10/turn

%: guardian spirit
@: no status effects
A: fangs 2, regeneration 1, magic shield, antimagic bite, no potion heal 2
a: Renounce Religion, Curse Item


You were on level 3 of the Dungeon.
You worshipped Ashenzari.
Ashenzari was noncommittal.
You visited 1 branch of the dungeon, and saw 3 of its levels.

You collected 100 gold pieces.

Inventory:

Missiles
 j - 2 boomerangs (quivered)
Armour
 c - an orb of light
 h - a +0 pair of gloves (worn)
 r - a +2 ring mail of fire resistance (worn)
 s - a +0 pair of boots (worn)
Scrolls
 a - a scroll of immolation {unknown}
 d - 2 scrolls of noise {unknown}
 f - 7 scrolls of identify {unknown}
 i - a scroll of torment {unknown}
 k - 2 scrolls of teleportation {unknown}
 l - 4 scrolls of enchant armour {unknown}
 p - a scroll of amnesia {unknown}
Potions
 b - a potion of ambrosia
 e - a potion of mutation {unknown}
 g - 2 potions of degeneration {unknown}
 m - 2 potions of brilliance {unknown}
 n - 2 potions of heal wounds {unknown}
 o - a potion of curing {unknown}
 q - a potion of lignification {unknown}


   Skills:
 - Level 2.7 Fighting
 - Level 2.4 Dodging
 + Level 6.0 Unarmed Combat


You had 4 spell levels left.
You didn't know any spells.
Your spell library was empty.

Dungeon Overview and Level Annotations

Branches:
Dungeon (3/15)

Altars:
Ashenzari


Innate Abilities, Weirdness & Mutations

You have extremely sharp teeth.
Your natural rate of healing is unusually fast.
When hurt, damage is shared between your health and your magic reserves.
Your bite disrupts and absorbs the magic of your enemies.
Potions cannot restore your health.


Message History

The frilled lizard barely misses you.
You hit the frilled lizard but do no damage.
The frilled lizard bites you but does no damage.
You punch the frilled lizard!
You kill the frilled lizard!
You see here a frilled lizard corpse.
Found a stone staircase leading up.
You see here a frilled lizard corpse.
You open the door.
A kobold comes into view. It is wielding a +0 whip.
The kobold shouts!
Found 6 stones.
A kobold is nearby!
A kobold is nearby!
The kobold throws a stone.
The stone hits you.
There is an open door here.
Found a faded altar of an unknown god.
The kobold throws a stone.
The stone hits you. The kobold hits you but does no damage.
You hit the kobold.
The kobold is heavily wounded.
The kobold barely misses you.
You hit the kobold.
You kill the kobold!
Found 7 stones.
Things that are here:
a +0 whip; 2 stones; a kobold corpse You see here 6 stones.
There is a faded altar of an unknown god here.
This altar belongs to (a) Ashenzari, (b) Ru or (c) Uskayaw, but you can't tell which.
Press the corresponding letter to learn more about a god, or press enter to convert or escape to cancel.
Okay, then.
There is a faded altar of an unknown god here.
This altar belongs to (a) Ashenzari, (b) Ru or (c) Uskayaw, but you can't tell which.
Press the corresponding letter to learn more about a god, or press enter to convert or escape to cancel.
Ashenzari accepts your prayer! Ashenzari welcomes you!
Ashenzari invites you to partake of a vision and a curse of sorcery and companions.
Ashenzari warns you of distant threats and treasures.
Ashenzari shows you where magical portals lie.
Unknown command.
Press < or > to pray at altars.
Are you sure you want to abandon this character and quit the game? (Confirm with "yes".)

#......# #.######.
####......#######.######.
.......)..'.............>
..........#######.######.
.......(..# #.######.
......##.## #.##.....
(..... ♣.♣ #.##.###.
...... #.# #.##.# #.
##### ♣@♣ #.##.# #. #.#
#.##.# #. ♣.♣ #.##.# #.
#.# #.##.# #. ..# #.##.#
#. ..########.##.# #.
..#......#.##.# #.
####.####.#.##.# #.
#.#..#.#.##.# #.


There were no monsters in sight!

Vanquished Creatures
  Jessica (D:2)
  Natasha (thrice) (D:2)
  2 adders (D:2)
  A dart slug (D:1)
  9 ball pythons
  3 bats (D:1)
  2 endoplasms
  2 giant cockroaches (D:2)
  8 goblins
  4 hobgoblins (D:1)
  3 jackals (D:1)
  A quokka (D:1)
  2 frilled lizards
  4 kobolds
  2 rats (D:1)
47 creatures vanquished.

Notes
Turn   | Place    | Note
-------+----------+-------------------------------------------
     0 | D:1      | Asceticacid the Vine Stalker Monk began the quest for the
                  | Orb.
     0 | D:1      | Reached XP level 1. HP: 11/11 MP: 2/2
   104 | D:1      | Reached XP level 2. HP: 16/16 MP: 3/3
   314 | D:1      | Reached skill level 4 in Unarmed Combat
   372 | D:1      | Reached XP level 3. HP: 19/19 MP: 4/4
   802 | D:2      | Noticed Natasha
   810 | D:2      | Killed Natasha
   811 | D:2      | Reached XP level 4. HP: 4/23 MP: 1/5
   880 | D:2      | Noticed Natasha
   891 | D:2      | Killed Natasha
   892 | D:2      | Reached skill level 5 in Unarmed Combat
   968 | D:2      | Noticed Natasha
   976 | D:2      | Killed Natasha
   977 | D:2      | Reached XP level 5. HP: 27/27 MP: 6/6
  1087 | D:2      | Noticed Jessica
  1103 | D:2      | Killed Jessica
  1337 | D:2      | Reached skill level 6 in Unarmed Combat
  1549 | D:3      | Found a faded altar of an unknown god.
  1563 | D:3      | Prayed at the altar of an unknown god.
  1563 | D:3      | Became a worshipper of Ashenzari the Shackled
  1564 | D:3      | Quit the game

Illustrated notes

Levels and vault maps discovered:
D:1:      wander_arrival_fairy_ring, layout_loops_ring
D:2:      layout_loops_ring, minmay_split_cup_large, uniq_natasha, uniq_jessica
D:3:      layout_basic, gammafunk_temple_overflow_forgotten,
          ashenzari_conservatory_becter, serial_shops, shop,
          ebering_ecumenical_altar_hall, hangedman_decor_diamond_cutter

Skill      XL: |  1  2  3  4  5 |
---------------+----------------+-----
Unarmed Combat | 4 5 6 |  6.0
Fighting       | |  2.7
Dodging        | |  2.4

Action                     |  1- 3 |  4- 6 || total
---------------------------+-------+-------++-------
  Melee: Unarmed           |    71 |    47 ||   118
         Bite              |    17 |    11 ||    28
         Punch             |       |     1 ||     1
 Armour: Robe              |    45 |    10 ||    55
         Ring mail         |       |    15 ||    15
  Dodge: Dodged            |    43 |    18 ||    61

Table legend: (Time is in decaauts)
 A = Elapsed time spent in this place.
 B = Non-inter-level travel time spent in this place.
 C = Inter-level travel time spent in this place.
 D = Time resting spent in this place.
 E = Time spent auto-exploring this place.
 F = Levels seen in this place.
 G = Mean time per level.
                   A        B        C        D        E       F      G
               +--------+--------+--------+--------+--------+-----+--------+
         Total |   1553 |   1482 |     71 |     44 |   1045 |   3 |  517.7 |
       Dungeon |   1553 |   1482 |     71 |     44 |   1045 |   3 |  517.7 |
               +--------+--------+--------+--------+--------+-----+--------+

Top non-repeatable levels by time:
     D:1: 689 daAuts
     D:2: 654 daAuts
     D:3: 208 daAuts
